 Dungeon Crawl Stone Soup version 0.29-a0-845-g6161e89988 (webtiles) character file.

Game seed: 5022507768748769250

114 SkeletonJelly the Trooper (level 4, -4/38 HPs)
             Began as a Barachi Fighter on July 15, 2022.
             Killed by nerve-wracking pain
             ... invoked by an orc priest
              (6 damage)
             ... on level 3 of the Dungeon.
             The game lasted 00:06:30 (3115 turns).

SkeletonJelly the Trooper (Barachi Fighter)         Turns: 3115, Time: 00:06:30

Health: -4/38      AC:  6    Str: 19    XL:     4   Next: 98%
Magic:  4/4        EV:  9    Int:  9    God:
Gold:   169        SH:  4    Dex: 11    Spells: 3/3 levels left

rFire   . . .      SeeInvis .   a - +0 long sword
rCold   . . .      Faith    .   c - +0 buckler
rNeg    . . .      Spirit   .   b - +0 scale mail
rPois   .          Reflect  .   (no helmet)
rElec   .          Harm     .   (no cloak)
rCorr   .          Rampage  .   (no gloves)
Will    .....                   (no boots)
Stlth   ..........              (no amulet)
HPRegen 0.12/turn               (no ring)
MPRegen 0.09/turn               (no ring)

@: unable to hop, slow
A: amphibious, slowness 1, strong legs 1, +LOS
a: Hop


You were on level 3 of the Dungeon.
You visited 1 branch of the dungeon, and saw 4 of its levels.

You collected 169 gold pieces.

Inventory:

Hand Weapons
 a - a +0 long sword (weapon)
Missiles
 j - 7 poisoned darts
Armour
 b - a +0 scale mail (worn)
 c - a +0 buckler (worn)
 f - a +0 pair of boots
Jewellery
 o - a ring of wizardry
Scrolls
 e - 4 scrolls of identify {unknown}
 g - a scroll of immolation {unknown}
 i - a scroll of fear {unknown}
 k - a scroll of poison {unknown}
 n - 2 scrolls of enchant armour {unknown}
Potions
 d - 3 potions of might
 h - a potion of haste
 l - a potion of heal wounds {unknown}
 m - 2 potions of curing


   Skills:
 + Level 4.5 Fighting
 * Level 4.5 Long Blades
 - Level 3.6 Armour
 + Level 4.1 Shields


You had 3 spell levels left.
You didn't know any spells.
Your spell library was empty.

Dungeon Overview and Level Annotations

Branches:
Dungeon (4/15)
 Temple: D:4-7

Altars:
Dithmenos
Okawaru


Innate Abilities, Weirdness & Mutations

You are amphibious.
You cover ground slowly.
You can hop short distances.
You have an extended range of vision and can be seen from far away.


Message History

No target in view!
No target in view!
No target in view!
No target in view!
Key pressed, stopping explore.
Key pressed, stopping explore.
HP restored.
Done exploring.
Health restored: 38 Done exploring.
Done exploring.
There is an open door here.
Things that are here:
a +0 dagger; a +0 sling
There is a stone staircase leading down here.
You climb downwards.
There is a stone staircase leading up here.
A hobgoblin comes into view.
The hobgoblin shouts!
You hit the hobgoblin.
The hobgoblin is moderately wounded.
The hobgoblin hits you but does no damage.
You hit the hobgoblin but do no damage.
The hobgoblin hits you but does no damage.
You barely miss the hobgoblin.
The orc shouts!
The hobgoblin hits you but does no damage.
You hit the hobgoblin.
The hobgoblin is almost dead.
The hobgoblin closely misses you.
You closely miss the hobgoblin.
The hobgoblin is almost dead.
The hobgoblin closely misses you. The hobgoblin misses you.
You slash the hobgoblin!
You kill the hobgoblin!
The orc hits you but does no damage.
Things that are here:
31 gold pieces; a hobgoblin corpse You hit the orc but do no damage.
The orc hits you with a +0 short sword.
You take 3 damage, and have 35/38 hp.
You barely miss the orc. The orc hits you with a +0 short sword.
The orc barely misses you.
You take 3 damage, and have 32/38 hp.
You hit the orc.
The orc is heavily wounded.
The orc hits you with a +0 short sword.
You take 3 damage, and have 29/38 hp.
You slash the orc!
You kill the orc!
No target in view!
No target in view!
No target in view!
No target in view!
Key pressed, stopping explore.
HP restored.
You now have 162 gold pieces (gained 31).
You see here a hobgoblin corpse.
You see here a +0 short sword.
You now have 169 gold pieces (gained 7).
Things that are here:
2 stones; a +0 dagger Key pressed, stopping explore.
An orc is nearby!
An orc is nearby!
Health restored: 38 An orc is nearby!
The orc shouts!
You hear a shout!
You see here a viscous orange potion.
The orc zaps a wand.
The puff of flame hits you!
You take 10 damage, and have 28/38 hp.
MASSIVE DAMAGE!!
The orc zaps a wand.
The puff of flame hits you! The orc hits you but does no damage.
You take 8 damage, and have 20/38 hp.
MASSIVE DAMAGE!!
You barely miss the orc.
The gnoll shouts!
The orc closely misses you.
You hit the orc.
The orc is heavily wounded.
The orc hits you with a +0 trident.
You take 5 damage, and have 16/38 hp.
You are too injured to fight recklessly!
You are too injured to fight recklessly!
You completely miss the orc.
The orc is heavily wounded.
The orc priest shouts! x2
The orc barely misses you.
Hop to where?
Press: ? - help, Dir - move target Boing!
You barely miss the orc priest.
The gnoll shouts!
The orc priest barely misses you.
You closely miss the orc priest.
The orc priest mumbles some strange prayers to Beogh against you.
Beogh smites you!
* * * LOW HITPOINT WARNING * * *
The orc hits you but does no damage.
The orc priest calls down the wrath of Beogh upon you.
Pain shoots through your body!
You die...

.#......#>..... # .###
#.#.#'#.##..... ###.#<#
.#.#+#.###8...8 #.. #.# .+#.....#
##8## #.# #†#
.#......#############.# #)#
.'#.....#.#.#.#.#.....# #.#
.#.......#.#.#.#....#.###.#.#.###
#.#.#'#'#+#.#.#..(...............
[#.#.......#.#.#@...#.......#.###
#.#>#......'#!#o............#
.#.#.[.......go#..#.......#.#
#.#.#[#+#..o..#...#.......#.#
.#.#.#.#.#.....#..#.......#.#
#.#.#.#.#.....#...#.......#.#
.#.#.#.#o#g....#..#.......# #
#.#.#.#.#.....#...#.......#
.#.#.#.#...#...#..#


You could see 3 orc priests, 2 gnolls and an orc.

Vanquished Creatures
  A hound (D:3)
  2 adders
  A worm (D:3)
  2 orcs (D:3)
  8 ball pythons
  5 bats
  5 endoplasms
  3 giant cockroaches
  9 goblins
  8 hobgoblins
  2 kobolds
  3 quokkas
  A frilled lizard (D:2)
  5 rats
55 creatures vanquished.

Notes
Turn   | Place    | Note
-------+----------+-------------------------------------------
     0 | D:1      | SkeletonJelly the Barachi Fighter began the quest for the
                  | Orb.
     0 | D:1      | Reached XP level 1. HP: 18/18 MP: 1/1
   174 | D:1      | Found a faded altar of an unknown god.
   219 | D:1      | Reached XP level 2. HP: 25/25 MP: 2/2
  1098 | D:2      | Reached XP level 3. HP: 30/30 MP: 3/3
  1908 | D:3      | You fall into a shaft and drop 1 floor!
  1950 | D:4      | Noticed a black bear
  1956 | D:4      | HP: 1/30 [hobgoblin (1)]
  1967 | D:4      | Reached XP level 4. HP: 15/37 MP: 4/4
  1973 | D:4      | Found an iron altar of Okawaru.
  2465 | D:3      | Found a shadowy altar of Dithmenos.
  3115 | D:3      | Killed from afar by an orc priest

Illustrated notes

Levels and vault maps discovered:
D:1:      arrival_zaba_pyramid, layout_basic, basic_ecumenical_altar,
          fountainhead
D:2:      layout_basic
D:3:      cheibrodos_pilgrimage, layout_basic, nicolae_overflow_hidden_temple,
          ashenzari_altar_1, yredelemnul_forgotten_temple_becter,
          mainiacjoe_overflow_six_doors_small
D:4:      layout_layer_cave, general_overflow_altar

Skill      XL: |  1  2  3  4 |
---------------+-------------+-----
Long Blades    | 3 4 |  4.5
Fighting       | 4 |  4.5
Shields        | 4 |  4.1
Armour         | |  3.6

Action                   |  1- 3 |  4- 6 || total
-------------------------+-------+-------++-------
Melee: Long sword        |   124 |    71 ||   195
 Abil: Hop               |       |     2 ||     2
  Use: Potion            |     2 |       ||     2
Armor: Scale mail        |    92 |    46 ||   138
Dodge: Dodged            |    72 |    52 ||   124
Block: Buckler           |    43 |     7 ||    50

Table legend: (Time is in decaauts)
 A = Elapsed time spent in this place.
 B = Non-inter-level travel time spent in this place.
 C = Inter-level travel time spent in this place.
 D = Time resting spent in this place.
 E = Time spent auto-exploring this place.
 F = Levels seen in this place.
 G = Mean time per level.
                   A        B        C        D        E       F      G
               +--------+--------+--------+--------+--------+-----+--------+
         Total |   3477 |   3251 |    226 |      0 |   2663 |   4 |  869.2 |
       Dungeon |   3477 |   3251 |    226 |      0 |   2663 |   4 |  869.2 |
               +--------+--------+--------+--------+--------+-----+--------+

Top non-repeatable levels by time:
     D:2: 1336 daAuts
     D:1: 1134 daAuts
     D:3: 905 daAuts
     D:4: 101 daAuts
